 Dungeon Crawl Stone Soup version 0.29-a0-1019-g84f7d21838 (webtiles) character file.

Game seed: 10712440212810551959

2747 wilfster70 the Thaumaturge (level 9, 0/60 (66) HPs)
             Began as a Gnoll Hedge Wizard on Aug 9, 2022.
             Was an Initiate of Ashenzari.
             Slain by a wight
             ... wielding a +3 flail
              (10 damage)
             ... on level 8 of the Dungeon on Aug 10, 2022.
             The game lasted 00:22:36 (9688 turns).

wilfster70 the Thaumaturge (Gnoll Hedge Wizard)     Turns: 9688, Time: 00:22:37

HP:   0/60 (66)     AC:  8    Str: 15    XL:     9   Next: 68%
MP:   21/21         EV: 14    Int: 19    God:    Ashenzari [......]
Gold: 338           SH:  0    Dex: 11    Spells: 14/25 levels left

rFire   + . .      SeeInvis .   a - +4 trident (flame)
rCold   . . .      Faith    .   (no shield)
rNeg    . . .      Spirit   .   l - +2 robe "Oscillating Fan" {rF+, Melee, Cun} (curse)
rPois   +          Reflect  .   c - +0 hat
rElec   .          Harm     .   D - +0 cloak
rCorr   .          Rampage  .   i - +0 pair of gloves
Will    .....                   g - +0 pair of boots
Stlth   +++.......              (no amulet)
HPRegen 0.20/turn               u - +6 ring of strength
MPRegen 0.17/turn               h - ring of poison resistance

@: drained
A: fangs 1, strong nose, distributed training
a: Renounce Religion, Curse Item, Shatter the Chains


You were on level 8 of the Dungeon.
You worshipped Ashenzari.
Ashenzari was noncommittal.
You visited 2 branches of the dungeon, and saw 9 of its levels.

You collected 452 gold pieces.
You spent 114 gold pieces at shops.

Inventory:

Hand Weapons
 a - a +4 trident of flaming (weapon)
 r - a +4 falchion of flaming
Missiles
 q - 4 javelins
Armour
 c - a +0 hat (worn)
 g - a +0 pair of boots (worn)
 i - a +0 pair of gloves (worn)
 l - the cursed +2 robe "Oscillating Fan" (worn) {rF+, Melee, Cun}
   (You took it off Blork the orc on level 4 of the Dungeon)

   It has a curse which improves the following skills: Melee Combat: Short
   Blades, Long Blades, Axes, Maces & Flails, Polearms, Staves and Unarmed
   Combat.
   Cunning:   Dodging and Stealth.
 p - a +1 leather armour of cold resistance
 D - a +0 cloak (worn)
Jewellery
 h - a ring of poison resistance (right hand)
 n - a ring of protection from fire
 u - a +6 ring of strength (left hand)
 v - a ring of see invisible
 B - an amulet of the acrobat
Wands
 o - a wand of flame (17)
 s - a wand of light (7)
 t - a wand of mindburst (18)
 x - a wand of iceblast (11)
 y - a wand of digging (6)
 z - a wand of polymorph (6)
Scrolls
 f - 4 scrolls of teleportation
Potions
 b - a potion of invisibility
 d - a potion of magic
 e - 3 potions of lignification
 j - 2 potions of curing
 k - 3 potions of berserk rage
 m - a potion of flight
 w - a potion of heal wounds {unknown}
 A - a potion of degeneration {unknown}
 C - a potion of attraction {unknown}


   Skills:
 + Level 4.6 Fighting
 + Level 4.6(5.1) Short Blades
 + Level 4.6(5.1) Long Blades
 + Level 4.6(5.1) Axes
 + Level 4.6(5.1) Maces & Flails
 + Level 4.6(5.1) Polearms
 + Level 4.6(5.1) Staves
 + Level 4.6 Ranged Weapons
 + Level 4.6 Throwing
 + Level 4.6 Armour
 + Level 6.6(7.0) Dodging
 + Level 6.3(6.8) Stealth
 + Level 4.6 Shields
 + Level 4.6(5.1) Unarmed Combat
 + Level 8.6 Spellcasting
 + Level 4.4 Conjurations
 + Level 3.8 Hexes
 + Level 4.4 Summonings
 + Level 3.8 Necromancy
 + Level 4.4 Translocations
 + Level 3.8 Transmutations
 + Level 3.8 Fire Magic
 + Level 3.8 Ice Magic
 + Level 3.8 Air Magic
 + Level 3.8 Earth Magic
 + Level 3.8 Poison Magic
 + Level 5.1 Invocations
 + Level 4.6 Evocations


You had 14 spell levels left.
You knew the following spells:

 Your Spells              Type           Power      Damage    Failure   Level
a - Magic Dart            Conj           100%       1d8       1%          1
b - Call Imp              Summ           25%        N/A       1%          2
c - Mephitic Cloud        Conj/Pois/Air  23%        N/A       4%          3
d - Ozocubu's Armour      Ice            22%        N/A       5%          3
g - Blink                 Tloc           50%        N/A       1%          2

Your spell library contained the following spells:

 Spells                   Type           Power      Damage    Failure   Level
 Beastly Appendage        Tmut           44%        N/A       1%          1
 Slow                     Hex            88%        N/A       1%          1
 Ensorcelled Hibernation  Hex/Ice        44%        N/A       2%          2
 Poisonous Vapours        Pois/Air       44%        N/A       2%          2
 Wereblood                Tmut           22%        N/A       2%          2
 Conjure Flame            Conj/Fire      24%        6-21      4%          3
 Dazzling Flash           Conj/Hex       48%        N/A       4%          3
 Confusing Touch          Hex            22%        N/A       5%          3
 Spider Form              Tmut/Pois      22%        N/A       5%          3
 Iskenderun's Mystic Bla  Conj/Tloc      25%        2d7       14%         4
 Anguish                  Hex/Necr       11%        N/A       17%         4
 Cause Fear               Hex            11%        N/A       17%         4
 Corpse Rot               Necr/Pois/Air  22%        N/A       17%         4
 Silence                  Hex/Air        11%        N/A       43%         5
 Yara's Violent Unravell  Hex/Tmut       11%        3d6       43%         5
 Starburst                Conj/Fire      12%        6d5       93%         6
 Enfeeble                 Hex            11%        N/A       100%        7
 Ozocubu's Refrigeration  Ice            11%        4d9       100%        7


Dungeon Overview and Level Annotations

Branches:
Dungeon (8/15)             Temple (1/1) D:5
   Lair: D:8-11

Altars:
Ashenzari
Cheibriados
Dithmenos
Fedhas
Gozag
Hepliaklqana
Makhleb
Okawaru
Qazlal
Ru
Sif Muna
Trog
Uskayaw
Vehumet
Wu Jian
Xom
Yredelemnul
Zin
The Shining One

Shops:
D:6 *

Annotations:
D:7 2 transporters, exclusions: ice statue and oklob plant, t4s4d4r's ghost, novice MeTm
D:8 3 runed translucent doors, exclusion: 3 doors, t4s4d4r's ghost, novice DjEE


Innate Abilities, Weirdness & Mutations

You have very sharp teeth.
Your uncanny sense of smell can sniff out nearby items.
Your experience applies equally to all skills.


Message History

Found a chain mail.
Found a stone staircase leading down.
An orc wizard and a wight come into view.
The two-headed ogre shouts in stereo!
The orc shouts!
You hear a shout!
T4s4d4r's ghost screams, "Do you think the gods will protect you?"
The white imp disappears for a moment.
The white imp shouts, "Disclaim thyself, thou foisting flap-mouthed dingleberry!"
The orc wizard casts a spell.
The orc wizard flickers and vanishes!
Deactivating autopickup; reactivate with Ctrl-A.
You are confused.
T4s4d4r's ghost whispers, "There is no future for you."
You bump into the rock wall.
You bump into the rock wall.
The wight misses you. The wight attacks as you move away! The wight misses you.
You bump into the rock wall.
The wight barely misses you.
You bump into the rock wall.
The wight hits you with a +3 flail!
You feel drained.
You bump into the rock wall.
You feel less confused. The wight closely misses you.
The wight attacks as you move away! The wight hits you with a +3 flail!
You feel drained.
A puff of flame appears from out of thin air!
The puff of flame hits you. You resist. The wight barely misses you.
The wight attacks as you move away! The wight hits you with a +3 flail.
The wight attacks as you move away! The wight misses you.
The wight hits you with a +3 flail! Something hits you but does no damage.
The wight misses you.
Things that are here:
a +0 mace; a +0 leather armour; an orc corpse Something hits you but does no damage.
The wight attacks as you move away! The wight hits you with a +3 flail!
* * * LOW HITPOINT WARNING * * *
You feel drained.
* * * LOW HITPOINT WARNING * * *
There is a stone staircase leading up here.
The wight hits you with a +3 flail!
You die...

..# ...# ####...##
####### #.......#
#.....# #..##...###
#.....###........>.
#..O...o...#.......
#..{..###..........
#.@zo.# #...o...###
####### #.......#
#.###.#.# #.##..#.#
#######.##
##∩8∩##o.# ∆
#.$.$5#..#
#8..Cc+..##
#∩$8_.+...#


You could see a two-headed ogre, a wight and 2 orcs.

Vanquished Creatures
  Sigmund (D:5)
  Eustachio (D:6)
  Edmund (D:5)
  Menkaure (D:5)
  A water moccasin (D:7)
  2 ice beasts (D:6)
  A black bear (D:7)
  2 phantoms (D:6)
  Blork the orc (D:4)
  3 scorpions
  5 bullfrogs
  5 wights (D:7)
  5 killer bees (D:7)
  A hound (D:6)
  2 jellies
  2 orc priests
  Crazy Yiuf (D:4)
  An iguana (D:5)
  Ijyb (D:3)
  Natasha (thrice) (D:4)
  4 orc wizards (D:7)
  3 gnolls (D:5)
  8 adders
  2 white imps
  A dart slug (D:3)
  18 orcs
  3 endoplasms
  3 giant cockroaches
  7 hobgoblins
  4 jackals (D:5)
  4 quokkas
  11 ball pythons
  6 bats
  2 frilled lizards (D:1)
  5 goblins
  5 kobolds
  5 rats
131 creatures vanquished.

Vanquished Creatures (collateral kills)
  A gnoll (D:1)
  2 adders
  A worm (D:2)
  A dart slug (D:2)
  An orc (D:3)
  2 giant cockroaches (D:2)
  2 goblins
  A ball python (D:3)
11 creatures vanquished.

Grand Total: 142 creatures vanquished

Notes
Turn   | Place    | Note
-------+----------+-------------------------------------------
     0 | D:1      | wilfster70 the Gnoll Hedge Wizard began the quest for the
                  | Orb.
     0 | D:1      | Reached XP level 1. HP: 13/13 MP: 8/8
   178 | D:1      | You fall into a shaft and drop 1 floor!
   288 | D:1      | Found a faded altar of an unknown god.
   439 | D:1      | Reached XP level 2. HP: 19/19 MP: 7/10
   499 | D:1      | Learned a level 2 spell: Call Imp
   848 | D:1      | Reached XP level 3. HP: 25/25 MP: 9/11
   851 | D:1      | Learned a level 2 spell: Blink
  1182 | D:2      | Reached skill level 1 in Invocations
  1307 | D:2      | Reached skill level 1 in Fighting
  1307 | D:2      | Reached skill level 1 in Short Blades
  1307 | D:2      | Reached skill level 1 in Long Blades
  1307 | D:2      | Reached skill level 1 in Axes
  1307 | D:2      | Reached skill level 1 in Maces & Flails
  1307 | D:2      | Reached skill level 1 in Polearms
  1307 | D:2      | Reached skill level 1 in Staves
  1307 | D:2      | Reached skill level 1 in Ranged Weapons
  1307 | D:2      | Reached skill level 1 in Throwing
  1307 | D:2      | Reached skill level 1 in Armour
  1307 | D:2      | Reached skill level 1 in Shields
  1307 | D:2      | Reached skill level 1 in Unarmed Combat
  1307 | D:2      | Reached skill level 1 in Evocations
  1327 | D:2      | Reached XP level 4. HP: 26/32 MP: 3/13
  1334 | D:2      | Learned a level 3 spell: Mephitic Cloud
  1651 | D:2      | Got the Reference Book on Charms
  2566 | D:3      | Reached skill level 1 in Hexes
  2566 | D:3      | Reached skill level 1 in Necromancy
  2566 | D:3      | Reached skill level 1 in Transmutations
  2566 | D:3      | Reached skill level 1 in Fire Magic
  2566 | D:3      | Reached skill level 1 in Ice Magic
  2566 | D:3      | Reached skill level 1 in Air Magic
  2566 | D:3      | Reached skill level 1 in Earth Magic
  2566 | D:3      | Reached skill level 1 in Poison Magic
  2807 | D:3      | Upgraded the game from 0.29-a0-1016-g236c7fd91e to
                  | 0.29-a0-1019-g84f7d21838
  2928 | D:3      | Noticed Ijyb
  3123 | D:3      | Killed Ijyb
  3124 | D:3      | Reached XP level 5. HP: 34/37 MP: 8/14
  4042 | D:4      | Noticed Blork the orc
  4055 | D:4      | Killed Blork the orc
  4056 | D:4      | Reached XP level 6. HP: 44/44 MP: 8/16
  4141 | D:4      | Found a runed translucent door.
  4142 | D:4      | Noticed Crazy Yiuf
  4151 | D:4      | Killed Crazy Yiuf
  4152 | D:4      | Reached skill level 5 in Dodging
  4154 | D:4      | Identified the +6 hammer "Osonieqy" {vorpal, rPois Will+
                  | Str-4 Dex+7}
  4618 | D:4      | Learned a level 3 spell: Ozocubu's Armour
  4634 | D:4      | Noticed Natasha
  4646 | D:4      | Killed Natasha
  4711 | D:4      | Noticed Natasha
  4719 | D:4      | Killed Natasha
  4971 | D:5      | Entered Level 5 of the Dungeon
  5011 | D:5      | Found a shimmering altar of Xom.
  5011 | D:5      | Found a basalt altar of Yredelemnul.
  5019 | D:5      | Found a glowing golden altar of the Shining One.
  5022 | D:5      | Found a faded altar of an unknown god.
  5024 | D:5      | Found a hazy altar of Hepliaklqana.
  5058 | D:5      | Reached XP level 7. HP: 50/50 MP: 13/18
  5169 | D:5      | Reached skill level 5 in Stealth
  5465 | D:5      | Noticed Edmund
  5496 | D:5      | Killed Edmund
  5504 | D:5      | Noticed Sigmund
  5802 | D:4      | Noticed Natasha
  5812 | D:4      | Killed Natasha
  6024 | D:5      | Killed Sigmund
  6025 | D:5      | Reached XP level 8. HP: 58/58 MP: 16/19
  6049 | D:5      | Found a staircase to the Ecumenical Temple.
  6057 | Temple   | Entered the Ecumenical Temple
  6077 | Temple   | Became a worshipper of Ashenzari the Shackled
  6148 | D:5      | Noticed Menkaure
  6309 | D:5      | Killed Menkaure
  6701 | D:6      | Found Ymmaicel's General Store.
  6796 | D:6      | Reached skill level 8 in Spellcasting
  7468 | D:6      | Noticed Eustachio
  7514 | D:6      | Killed Eustachio
  7515 | D:6      | Reached XP level 9. HP: 7/65 MP: 12/21
  8022 | D:7      | Found a transporter.
  8027 | D:7      | Noticed t4s4d4r's ghost (novice MeTm)
  8030 | D:7      | Found a transporter.
  8313 | D:6      | Bought a scroll of brand weapon for 114 gold pieces
  8580 | D:7      | Noticed an ice statue
  8820 | D:7      | Reached skill level 5 in Invocations
  9456 | D:7      | Noticed an oklob plant
  9639 | D:8      | Found a runed translucent gate.
  9639 | D:8      | Found a runed translucent gate.
  9640 | D:8      | Found a runed translucent gate.
  9641 | D:8      | Found an opulent altar of Gozag.
  9642 | D:8      | Noticed t4s4d4r's ghost (novice DjEE)
  9642 | D:8      | Noticed a cyclops
  9653 | D:8      | Noticed a two-headed ogre
  9688 | D:8      | Slain by a wight

Illustrated notes

Levels and vault maps discovered:
D:1:      dpeg_chamrin_arrival_tetris, layout_loops_ring,
          ebering_ecumenical_altar_abandoned
D:2:      layout_basic
D:3:      minmay_chambers_of_threes, layout_basic, uniq_ijyb
D:4:      layout_gridville, uniq_crazy_yiuf_cottage, uniq_natasha,
          uniq_blork_the_orc
D:5:      layout_rooms, chequers_temple_overflow_minitemple,
          minmay_temple_entry_gardened_gates, sigmund_edmund_badplayer,
          uniq_menkaure
D:6:      layout_loops_cross, serial_shops, nicolae_lakefront_shop,
          uniq_eustachio
D:7:      layout_loops_cross, nzn_ghost_randoct, lightli_orcish_oven
D:8:      layout_loops_cross, ebering_ghost_gozag, lemuel_flamethrower_2
Temple:   nicolae_temple_two_arcs

Skill      XL: |  1  2  3  4  5  6  7  8  9 |
---------------+----------------------------+-----
Conjurations   | 2 3 4 |  4.4
Summonings     | 2 3 4 |  4.4
Translocations | 2 3 4 |  4.4
Invocations    | 1 2 3 4 5 |  5.1
Fighting       | 1 2 3 4 |  4.6
Short Blades   | 1 2 3 4 |  4.6
Long Blades    | 1 2 3 4 |  4.6
Axes           | 1 2 3 4 |  4.6
Maces & Flails | 1 2 3 4 |  4.6
Polearms       | 1 2 3 4 |  4.6
Staves         | 1 2 3 4 |  4.6
Ranged Weapons | 1 2 3 4 |  4.6
Throwing       | 1 2 3 4 |  4.6
Armour         | 1 2 3 4 |  4.6
Shields        | 1 2 3 4 |  4.6
Unarmed Combat | 1 2 3 4 |  4.6
Evocations     | 1 2 3 4 |  4.6
Hexes          | 1 2 3 |  3.8
Necromancy     | 1 2 3 |  3.8
Transmutations | 1 2 3 |  3.8
Fire Magic     | 1 2 3 |  3.8
Ice Magic      | 1 2 3 |  3.8
Air Magic      | 1 2 3 |  3.8
Earth Magic    | 1 2 3 |  3.8
Poison Magic   | 1 2 3 |  3.8
Dodging        | 5 6 |  6.6
Stealth        | 5 6 |  6.3
Spellcasting   | 8 |  8.6

Action                   |  1- 3 |  4- 6 |  7- 9 || total
-------------------------+-------+-------+-------++-------
Melee: Dagger            |     4 |     2 |       ||     6
       Falchion          |       |    77 |   145 ||   222
       Bite              |       |     6 |    27 ||    33
       Punch             |       |       |     1 ||     1
       Trident           |       |       |    91 ||    91
 Cast: Magic Dart        |    52 |    57 |     6 ||   115
       Call Imp          |     4 |    23 |       ||    27
       Mephitic Cloud    |       |     4 |    16 ||    20
       Blink             |       |       |     1 ||     1
Invok: Curse Item        |       |       |     1 ||     1
  Use: Scroll            |     1 |    16 |     2 ||    19
 Stab: Confused          |       |     3 |     8 ||    11
       Sleeping          |       |     1 |     6 ||     7
Armor: Robe              |     6 |    20 |    70 ||    96
       Leather armour    |       |    12 |       ||    12
Dodge: Dodged            |    24 |    78 |   199 ||   301

Table legend: (Time is in decaauts)
 A = Elapsed time spent in this place.
 B = Non-inter-level travel time spent in this place.
 C = Inter-level travel time spent in this place.
 D = Time resting spent in this place.
 E = Time spent auto-exploring this place.
 F = Levels seen in this place.
 G = Mean time per level.
                   A        B        C        D        E       F      G
               +--------+--------+--------+--------+--------+-----+--------+
         Total |   9735 |   9388 |    347 |   2886 |   4082 |   9 | 1081.7 |
       Dungeon |   9555 |   9208 |    347 |   2751 |   4082 |   8 | 1194.4 |
        Temple |    180 |    180 |      0 |    135 |      0 |   1 |  180.0 |
               +--------+--------+--------+--------+--------+-----+--------+

Top non-repeatable levels by time:
     D:6: 1517 daAuts
     D:3: 1514 daAuts
     D:7: 1465 daAuts
     D:4: 1408 daAuts
     D:2: 1330 daAuts
     D:1: 1198 daAuts
     D:5: 986 daAuts
  Temple: 180 daAuts
     D:8: 135 daAuts
